 Dungeon Crawl Stone Soup version 0.28.0 (webtiles) character file.

Game seed: 17957856430548794855

137 zazu2006 the Magician (level 5, -5/42 HPs)
             Began as a Naga Hedge Wizard on Feb 13, 2022.
             Slain by an orc warrior (7 damage)
             ... on level 3 of the Dungeon.
             The game lasted 00:05:33 (3194 turns).

zazu2006 the Magician (Naga Hedge Wizard)           Turns: 3194, Time: 00:05:34

Health: -5/42      AC:  2    Str: 10 (12) XL:     5   Next: 20%
Magic:  0/11       EV:  9    Int: 15 (17) God:
Gold:   139        SH:  0    Dex:  8 (10) Spells: 3/12 levels left

rFire   + . .      SeeInvis +   m - +4 short sword
rCold   . . .      Faith    .   (no shield)
rNeg    . . .      Spirit   .   b - +0 robe
rPois   +          Reflect  .   c - +0 hat
rElec   .          Harm     .   (no cloak)
rCorr   .          Rampage  .   (no gloves)
Will    .....                   (no barding)
Stlth   ++........              (no amulet)
HPRegen 0.14/turn               n - ring of protection from fire
MPRegen 0.12/turn               (no ring)

@: brilliant, attractive, very slightly contaminated, very slow
A: AC +1, large, see invisible, deformed body, poison resistance, slowness 2,
spit poison 1, naga tail 1
a: Spit Poison


You were on level 3 of the Dungeon.
You visited 1 branch of the dungeon, and saw 3 of its levels.

You collected 151 gold pieces.
You spent 12 gold pieces at shops.

Inventory:

Hand Weapons
 l - the +3 hand axe "Nuoroheb" {antimagic, rF+ rC+ Will+}
   (You found it on level 2 of the Dungeon)

   It reduces the magical energy of the wielder, and disrupts the spells and
   magical abilities of those it strikes.
   Natural abilities and divine invocations are not affected.
   rF:        It protects you from fire.
   rC:        It protects you from cold.
   Will:      It increases your willpower.
 m - a +4 short sword (weapon)
Armour
 b - a +0 robe (worn)
 c - a +0 hat (worn)
 o - a +2 kite shield of cold resistance
Jewellery
 n - a ring of protection from fire (left hand)
Scrolls
 a - 3 scrolls of fear {unknown}
 e - a scroll of teleportation {unknown}
 f - a scroll of enchant armour {unknown}
 g - 2 scrolls of identify {unknown}
 h - a scroll of fog {unknown}
 p - a scroll of immolation {unknown}


   Skills:
 + Level 0.1 Fighting
 + Level 1.7 Dodging
 + Level 4.1 Stealth
 + Level 4.4 Spellcasting
 + Level 2.2 Conjurations
 + Level 1.0 Summonings
 + Level 1.0 Translocations
 * Level 1.2 Poison Magic


You had 3 spell levels left.
You knew the following spells:

 Your Spells              Type           Power      Damage    Failure   Level
a - Magic Dart            Conj           56%        1d5       7%          1
b - Mephitic Cloud        Conj/Pois/Air  10%        N/A       32%         3
c - Conjure Flame         Conj/Fire      9%         6-21      32%         3
d - Blink                 Tloc           18%        N/A       17%         2

Your spell library contained the following spells:

 Spells                   Type           Power      Damage    Failure   Level
 Slow                     Hex            20%        N/A       17%         1
 Call Imp                 Summ           9%         N/A       17%         2
 Ensorcelled Hibernation  Hex/Ice        10%        N/A       26%         2
 Spider Form              Tmut/Pois      7%         N/A       38%         3
 Anguish                  Hex/Necr       2%         N/A       86%         4


Dungeon Overview and Level Annotations

Branches:
Dungeon (3/15)

Altars:

Shops:
D:1 ?

Annotations:
D:3 Pargi


Innate Abilities, Weirdness & Mutations

Your serpentine skin is tough. (AC +1)
You have supernaturally acute eyesight. (SInv)
Armour fits poorly on your strangely shaped body.
Your system is resistant to poisons. (rPois)
You cover ground very slowly.
You can spit poison.
You have a snake-like lower body.


Message History

Confirm with . or Enter, or press ? or * to list all spells.
The spell is quite dangerous to miscast (28% risk of failure)!
Continue anyway?
Aiming: Mephitic Cloud (quite dangerous; 28% risk of failure)
Press: ? - help, Shift-Dir - straight line, f/p - orc warrior
Aim: an orc warrior, wielding a +0 flail and wearing a +0 plate armour (chance to affect: 81%)
You miscast Mephitic Cloud.
Nothing appears to happen.
The orc warrior hits you with a +0 flail!
* * * LOW HITPOINT WARNING * * *
Unknown command.
Unknown command.
The orc warrior barely misses you.
You aren't carrying any items that you can evoke.
Okay, then.
Casting: Mephitic Cloud (quite dangerous; 28% risk of failure)
Confirm with . or Enter, or press ? or * to list all spells.
The spell is quite dangerous to miscast (28% risk of failure)!
Continue anyway?
Aiming: Mephitic Cloud (quite dangerous; 28% risk of failure)
Press: ? - help, Shift-Dir - straight line, f/p - orc warrior
Aim: an orc warrior, wielding a +0 flail and wearing a +0 plate armour (chance to affect: 81%)
You miscast Mephitic Cloud.
Nothing appears to happen.
The orc warrior hits you with a +0 flail!
* * * LOW HITPOINT WARNING * * *
The orc wizard casts a spell.
The orc wizard flickers and vanishes for a moment.
Unknown command.
Unknown command.
It was a potion of heal wounds.
You feel much better.
The orc warrior hits you with a +0 flail!
It was a potion of brilliance.
You feel clever all of a sudden. The orc warrior barely misses you.
It was a potion of attraction.
You feel attractive to monsters.
The orc warrior hits you with a +0 flail!
* * * LOW HITPOINT WARNING * * *
It was a potion of degeneration.
There was something very wrong with that liquid.
You feel weakened.
You feel dopey.
You feel clumsy.
The orc warrior hits you with a +0 flail!
You die...

#############
#....@ooo)..#
#.#########.#####
#.# ##.......#
#.# ####†...###.#
#.# #...<....#
.## #.#
#.##.....#...###
#.#
#.###.#o........
#.# #.#
#.#.##...#†#
##.###.#
#.#.###.##


You could see an orc warrior, an orc wizard (invisible) and an orc.

Vanquished Creatures
  A hound (D:3)
  An orc priest (D:3)
  3 gnolls (D:2)
  A worm (D:2)
  2 dart slugs (D:1)
  4 bats
  4 endoplasms
  2 giant cockroaches (D:1)
  5 goblins
  3 hobgoblins
  4 kobolds
  2 quokkas
  3 ball pythons (D:1)
  7 frilled lizards
  4 rats (D:2)
46 creatures vanquished.

Notes
Turn   | Place    | Note
-------+----------+-------------------------------------------
     0 | D:1      | zazu2006 the Naga Hedge Wizard began the quest for the Orb.
     0 | D:1      | Reached XP level 1. HP: 15/15 MP: 4/4
   120 | D:1      | Found Xuteos's Magic Scroll Boutique.
   217 | D:1      | Reached XP level 2. HP: 21/22 MP: 0/6
  1020 | D:1      | Reached XP level 3. HP: 28/28 MP: 1/8
  1024 | D:1      | Learned a level 3 spell: Mephitic Cloud
  1028 | D:1      | Learned a level 3 spell: Conjure Flame
  1031 | D:1      | Learned a level 2 spell: Blink
  1424 | D:1      | Bought a scroll of noise for 12 gold pieces
  1869 | D:2      | Found a faded altar of an unknown god.
  1999 | D:2      | Identified the +3 hand axe "Nuoroheb" {antimagic, rF+ rC+
                  | Will+}
  2535 | D:2      | Reached XP level 4. HP: 36/36 MP: 3/10
  2812 | D:3      | Reached skill level 1 in Poison Magic
  3034 | D:3      | Noticed Pargi
  3177 | D:3      | Noticed an orc warrior
  3185 | D:3      | Reached XP level 5. HP: 42/42 MP: 8/11
  3193 | D:3      | HP: 2/42 [orc warrior (11)]
  3194 | D:3      | Slain by an orc warrior

Illustrated notes

Levels and vault maps discovered:
D:1:      zaba_arrival_water, layout_basic, serial_shops, shop
D:2:      layout_loops_corners, ebering_ecumenical_altar_rust,
          kennysheep_generic_room_7
D:3:      layout_loops_ring, serial_shops, nicolae_shop_waterfront, uniq_pargi

Skill      XL: |  1  2  3  4 |
---------------+-------------+-----
Spellcasting   | 4 |  4.4
Conjurations   | 2 |  2.2
Poison Magic   | 1 |  1.2
Stealth        | 4 |  4.1
Fighting       | |  0.1
Dodging        | |  1.7
Summonings     | |  1.0
Translocations | |  1.0

Action                   |  1- 3 |  4- 6 || total
-------------------------+-------+-------++-------
Melee: Dagger            |     2 |       ||     2
       Hand axe          |    12 |       ||    12
       Short sword       |     3 |    15 ||    18
 Cast: Magic Dart        |    76 |    18 ||    94
       Mephitic Cloud    |     2 |     2 ||     4
 Abil: Spit Poison       |     9 |     5 ||    14
  Use: Potion            |       |     4 ||     4
 Stab: Sleeping          |       |     1 ||     1
Armor: Robe              |     3 |       ||     3
Dodge: Dodged            |    12 |    15 ||    27
